Map: Blackpink LE

Players

Larogue

  • Race: Terran Terran
  • League: Master
  • Spawn Location: 1:00

lllllllllllI - Winner!

  • Race: Protoss Protoss
  • League: Master
  • Spawn Location: 7:00

VOD

Have the link to the VOD?

Description

Time

  • Played on: Dec. 31, 2017, 9:14 p.m.
  • Length: 9:49
Show
View Real Time Build Order
Export as new Build Order

Larogue Terran 

Build Orders: MMM Bio 

Get SALT Encoding   

  12  0:01  SCV  
  13  0:13  SCV  
  14  0:18  Supply Depot  
  14  0:25  SCV  
  15  0:39  SCV  
  15  0:40  Barracks  
  16  0:46  Refinery  
  16  0:51  SCV  
  17  1:03  SCV  
  18  1:15  SCV  
  19  1:28  SCV  
  19  1:31  Marine  
  21  1:38  Bunker  
  21  1:46  Barracks  
  21  1:47  Barracks  
  21  1:50  Marine  
  22  1:59  Orbital Command  
  22  2:09  Barracks Tech Lab  
  22  2:26  SCV  
  22  2:28  Stimpack  
  23  2:38  Command Center  
  23  2:46  Supply Depot  
  23  2:50  Barracks Reactor  
  23  2:51  Refinery  
  23  2:54  Barracks Reactor  
  23  3:07  SCV, Marine  
  25  3:19  SCV  
  26  3:23  Factory  
  26  3:25  Marine  
  27  3:31  SCV  
  28  3:36  Marine x3  
  31  3:44  Engineering Bay  
  31  3:49  SCV, Orbital Command, Marine  
  31  3:54  Marine x2  
  35  3:56  Marine  
  35  4:01  SCV, Marine  
  38  4:13  Starport  
  38  4:14  SCV, Factory Reactor  
  39  4:17  SCV  
  40  4:25  Marine x2  
  40  4:26  SCV, Marine  
  40  4:28  Marine  
  45  4:33  Terran Infantry Weapons Level 1  
  45  4:36  SCV  
  46  4:43  Supply Depot  
  46  4:57  Supply Depot x2  
  46  5:00  Combat Shields  
  46  5:01  Factory Reactor  
  46  5:05  SCV x2  
  48  5:13  Medivac x2  
  52  5:15  Marine  
  52  5:17  SCV  
  52  5:18  SCV  
  55  5:22  Supply Depot  
  55  5:28  Supply Depot  
  55  5:32  Engineering Bay  
  55  5:33  SCV  
  55  5:35  SCV  
  57  5:40  Liberator  
  57  5:41  Refinery  
  57  5:45  SCV  
  57  5:47  SCV  
  59  5:52  Marine x2  
  59  5:53  Marine x2  
  59  5:54  Marine  
  64  5:58  SCV, Widow Mine  
  64  5:59  SCV  
  64  6:01  Widow Mine  
  73  6:10  SCV  
  63  6:26  Viking, Marine x2  
  63  6:27  Marine x3  
  63  6:28  SCV x2  
  72  6:34  Supply Depot  
  72  6:35  Refinery, Supply Depot  
  72  6:40  Terran Infantry Armor Level 1, Viking  
  72  6:42  Supply Depot  
  72  6:44  Marine  
  72  6:45  Marauder, Marine  
  72  6:46  Marine  
  72  6:47  Marine  
  78  6:53  Supply Depot  
  80  6:59  SCV  
  80  7:00  Viking  
  83  7:02  Marine  
  83  7:07  Marauder  
  86  7:10  Viking  
  86  7:30  Viking  
  88  7:37  SCV x2  
  88  7:40  Viking  
  88  7:42  Marine x2  
  88  7:43  Marine  
  95  7:44  Widow Mine, Starport  
  95  7:45  Widow Mine  
  95  7:47  Barracks Reactor  
  95  7:48  Supply Depot  
  99  7:58  Supply Depot  
  99  8:00  Viking, Marine x3  
  104  8:06  Cyclone  
  104  8:10  Viking  
  109  8:18  Marine x3  
  112  8:26  Bunker  
  112  8:29  Marine x2  
  112  8:30  Viking  
  116  8:36  Marine x3  
  116  8:40  Viking  
  121  8:47  Marine x2  
  114  8:53  Marine  
  114  8:54  Marauder, Marine  
  106  8:58  Viking x2  
  106  9:00  Viking  
  104  9:05  Marine  
  95  9:16  Marauder  
Show
View Real Time Build Order
Export as new Build Order

lllllllllllI Protoss - Winner!

Build Orders: Colossus Rush 

Get SALT Encoding   

  12  0:00  Probe  
  13  0:13  Probe  
  14  0:18  Pylon  
  14  0:25  Probe  
  15  0:37  Probe (Chrono Boost)  
  16  0:46  Forge  
  16  0:47  Probe (Chrono Boost)  
  17  0:52  Probe (Chrono Boost)  
  18  1:03  Probe (Chrono Boost)  
  19  1:07  Pylon  
  19  1:15  Probe (Chrono Boost)  
  20  1:33  Pylon x2  
  20  1:35  Pylon  
  20  1:36  Pylon  
  20  1:42  Probe  
  21  1:54  Probe  
  21  1:55  Nexus  
  21  1:59  Pylon  
  22  2:04  Assimilator  
  22  2:06  Probe  
  22  2:07  Assimilator  
  22  2:14  Gateway  
  22  2:18  Probe  
  23  2:30  Probe  
  24  2:39  Pylon  
  24  2:43  Probe  
  25  2:51  Photon Cannon  
  25  3:01  Cybernetics Core  
  25  3:06  Photon Cannon  
  25  3:08  Probe  
  25  3:11  Probe  
  27  3:18  Zealot (Chrono Boost)  
  29  3:20  Probe  
  29  3:24  Probe  
  31  3:33  Pylon  
  31  3:36  Zealot  
  31  3:37  Probe (Chrono Boost)  
  31  3:40  Robotics Facility  
  33  3:43  Probe (Chrono Boost)  
  35  3:52  Probe (Chrono Boost)  
  35  3:54  Probe (Chrono Boost)  
  36  3:58  Probe (Chrono Boost)  
  36  3:59  Assimilator  
  36  4:01  Assimilator, Probe (Chrono Boost)  
  38  4:05  Probe  
  38  4:09  Stalker  
  41  4:14  Probe  
  42  4:17  Probe  
  43  4:26  Probe (Chrono Boost)  
  45  4:34  Probe (Chrono Boost)  
  45  4:35  Observer (Chrono Boost)  
  45  4:38  Probe (Chrono Boost)  
  47  4:39  Pylon, Robotics Bay  
  47  4:41  Stargate  
  47  4:43  Probe (Chrono Boost)  
  47  4:44  Probe (Chrono Boost)  
  49  4:50  Stalker  
  49  4:52  Probe  
  52  4:55  Shield Battery  
  52  4:59  Pylon  
  52  5:05  Probe  
  53  5:13  Pylon  
  53  5:20  Stalker  
  59  5:23  Probe  
  59  5:25  Colossus (Chrono Boost)  
  62  5:33  Fleet Beacon  
  62  5:34  Probe  
  63  5:50  Stalker  
  65  5:59  Pylon  
  65  6:05  Photon Cannon  
  65  6:09  Shield Battery  
  65  6:28  Tempest  
  65  6:31  Nexus  
  65  6:32  Probe (Chrono Boost), Colossus (Chrono Boost)  
  66  6:33  Pylon  
  66  6:39  Probe (Chrono Boost)  
  79  6:41  Probe (Chrono Boost)  
  79  6:46  Probe (Chrono Boost)  
  81  6:49  Photon Cannon  
  81  6:50  Probe  
  81  6:53  Extended Thermal Lance  
  81  6:54  Pylon  
  82  6:56  Warp Gate  
  82  7:02  Pylon x2  
  79  7:35  Probe  
  80  7:41  Probe  
  81  7:47  Photon Cannon, Probe  
  81  7:48  Photon Cannon  
  81  7:49  Gateway  
  82  7:52  Gateway  
  82  7:53  Probe  
  82  7:54  Gateway  
  82  7:55  Tempest  
  82  7:56  Colossus, Twilight Council  
  96  8:05  Probe  
  96  8:11  Assimilator  
  96  8:15  Assimilator  
  96  8:16  Pylon  
  96  8:17  Probe  
  96  8:19  Photon Cannon  
  97  8:23  Stalker  
  99  8:29  Probe  
  100  8:35  Pylon  
  100  8:37  Pylon  
  100  8:42  Probe  
  100  9:33  Probe (Chrono Boost)  
Tags
 
Composition
MMM Bio
Matchup
PvT
Spawn Locations
Cross Positions
Add a new tag
Caveats
  • Supply blocks, unpowered buildings, or Contaminate may cause inaccurate times.
  • Supply counts are checked every 10 seconds.